 Dungeon Crawl Stone Soup version 0.20-a0-522-g0b37eee (webtiles) character file.

24938 polly the Eclecticist (level 12, -10/45 HPs)
             Began as a Felid Conjurer on Jan 23, 2017.
             Was a High Priest of Vehumet.
             Mangled by Donald
             ... wielding a +0 eveningstar
              (32 damage)
             ... on level 2 of the Orcish Mines on Jan 26, 2017.
             The game lasted 02:03:50 (34494 turns).

polly the Eclecticist (Felid Conjurer)             Turns: 34494, Time: 02:03:51

Health: -10/45     AC:  3    Str:  4    XL:     12   Next: 85%
Magic:  4/32       EV: 23    Int: 21    God:    Vehumet [*****.]
Gold:   1275       SH:  0    Dex: 17    Spells: 23/42 levels left
                                        Lives:  0   Deaths: 3

rFire    . . .     SeeInvis +     - Unarmed
rCold    + . .     Gourm    .   (armour unavailable)
rNeg     . . .     Faith    .   (shield unavailable)
rPois    +         Spirit   .   (helmet unavailable)
rElec    .         Reflect  .   (cloak unavailable)
rCorr    .         Harm     .   (gloves unavailable)
MR       +....                  (boots unavailable)
Stlth    ++++......             (no amulet)
Regen    0.2/turn               y - ring of wizardry
                                V - ring of poison resistance

@: quick
A: no armour, no weapons or thrown items, stealth, claws 1, fangs 3, see
invisible, carnivore 3, speed 1, shaggy fur 3, slow metabolism 1, sharp paws
a: Renounce Religion


You were on level 2 of the Orcish Mines.
You worshipped Vehumet.
Vehumet was extremely pleased with you.
You were very full.

You visited 4 branches of the dungeon, and saw 19 of its levels.

You collected 1275 gold pieces.

Inventory:

Jewellery
 c - an uncursed amulet of guardian spirit
 l - an uncursed ring of protection from magic
 w - an uncursed ring of protection from cold
 y - a ring of wizardry (right paw)
 C - an uncursed ring of resist corrosion
 V - a ring of poison resistance (left paw)
Wands
 i - a wand of disintegration (2/24)
 n - a wand of confusion (14/48)
 o - a wand of paralysis (4/24)
 t - a wand of enslavement (8/24)
 E - a wand of scattershot (0/9)
 K - a wand of acid (0/15)
Scrolls
 d - 7 scrolls of remove curse
 f - a scroll of noise {unknown}
 g - a scroll of recharging
 m - 3 scrolls of immolation
 s - a scroll of enchant weapon {unknown}
 v - a scroll of teleportation
 A - a scroll of magic mapping {unknown}
 D - 3 scrolls of vulnerability
 H - 3 scrolls of amnesia
Potions
 k - 2 potions of brilliance
 p - a potion of cancellation {unknown}
 r - 3 potions of cure mutation
 u - a potion of haste
 F - 2 potions of agility
 G - a potion of flight
Books
 a - a book of Conjurations

   Spells                             Type                      Level
   a - Magic Dart                     Conjuration                  1
   b - Searing Ray                    Conjuration                  2
   c - Dazzling Spray                 Conjuration/Hexes            3
   d - Fulminant Prism                Conjuration/Hexes            4
   e - Iskenderun's Mystic Blast      Conjuration                  4
   f - Iskenderun's Battlesphere      Conjuration/Charms           5
 e - a book of Maledictions

   Spells                             Type                      Level
   a - Corona                         Hexes                        1
   b - Ensorcelled Hibernation        Hexes/Ice                    2
   c - Confuse                        Hexes                        3
   d - Tukima's Dance                 Hexes                        3
   e - Dazzling Spray                 Conjuration/Hexes            3
 j - a book of the Warp

   Spells                             Type                      Level
   a - Gell's Gravitas                Hexes/Translocation          3
   b - Portal Projectile              Translocation                3
   c - Force Lance                    Conjuration/Translocation    4
   d - Dispersal                      Translocation                6
   e - Controlled Blink               Translocation                8
   f - Disjunction                    Translocation                8
 q - a book of Misfortune

   Spells                             Type                      Level
   a - Confusing Touch                Hexes                        1
   b - Confuse                        Hexes                        3
   c - Gell's Gravitas                Hexes/Translocation          3
   d - Petrify                        Transmutation/Earth          4
   e - Metabolic Englaciation         Hexes/Ice                    5
   f - Yara's Violent Unravelling     Hexes/Transmutation          5
 I - a book of Party Tricks

   Spells                             Type                      Level
   a - Summon Butterflies             Summoning                    1
   b - Apportation                    Translocation                1
   c - Lesser Beckoning               Translocation                3
   d - Tukima's Dance                 Hexes                        3
   e - Alistair's Intoxication        Transmutation/Poison         5
   f - Invisibility                   Hexes                        6
 J - a book of Cantrips

   Spells                             Type                      Level
   a - Confusing Touch                Hexes                        1
   b - Animate Skeleton               Necromancy                   1
   c - Summon Small Mammal            Summoning                    1
   d - Apportation                    Translocation                1
 O - a book of Power

   Spells                             Type                      Level
   a - Fulminant Prism                Conjuration/Hexes            4
   b - Iskenderun's Mystic Blast      Conjuration                  4
   c - Venom Bolt                     Conjuration/Poison           5
   d - Bolt of Magma                  Conjuration/Fire/Earth       5
   e - Iron Shot                      Conjuration/Earth            6
   f - Orb of Destruction             Conjuration                  7
   g - Spellforged Servitor           Conjuration/Summoning        7
Miscellaneous
 h - a lightning rod (inert)
 R - a lightning rod (inert)
Comestibles
 b - 7 meat rations


   Skills:
 - Level 0.6 Fighting
 + Level 7.6 Dodging
 - Level 6.0 Stealth
 - Level 1.1 Unarmed Combat
 + Level 15.6 Spellcasting
 + Level 15.3 Conjurations
 * Level 8.4 Translocations
 - Level 0.7 Evocations


You had 23 spell levels left.
You knew the following spells:

 Your Spells              Type           Power        Failure   Level  Hunger
a - Magic Dart            Conj           ####         0%          1    None
b - Iskenderun's Mystic   Conj           ######..     1%          4    None
c - Orb of Destruction    Conj           ######....   1%          7    ######.
d - Apportation           Tloc           ######       1%          1    None
e - Dispersal             Tloc           ######....   9%          6    #####..


Dungeon Overview and Level Annotations

Branches:
Dungeon (15/15)            Temple (1/1) D:5            Lair (1/6) D:9
    Orc (2/2) D:11            Elf (0/3) Orc:2        Vaults (0/5) D:14
 Depths (0/5) D:15

Altars:
Ashenzari
Cheibriados
Dithmenos
Elyvilon
Fedhas
Gozag
Hepliaklqana
Qazlal
Ru
Trog
Uskayaw
Vehumet
Yredelemnul
Zin
The Shining One

Shops:
D:6 :=   D:7 !   D:11 ((   Orc:1 (

Annotations:
Orc:2 Donald


Innate Abilities, Weirdness & Mutations

You cannot wear armour.
You are incapable of wielding weapons or throwing items.
Your paws allow you to move quietly. (Stealth)
You have sharp claws.
You have razor-sharp teeth.
You have supernaturally acute eyesight. (SInv)
You are carnivorous and can eat meat at any time.
You cover ground quickly.
Your thick and shaggy fur keeps you warm. (AC +3, rC+)
You have a slow metabolism.
Your sharp claws are effective at attacking unaware monsters.


Message History

Aiming: Orb of Destruction
Press: ? - help, Shift-Dir - straight line, f/p - Donald
Aim: Donald, wielding an eveningstar, wearing a glowing plate armour and wearing a shield of reflection (fast) Donald casts a spell.
Donald seems to grow stronger.
The wavering orb of destruction hits Donald.
Donald is heavily wounded.
Casting: Orb of Destruction
Confirm with . or Enter, or press ? or * to list all spells.
Aiming: Orb of Destruction
Press: ? - help, Shift-Dir - straight line, f/p - Donald
Aim: Donald, wielding an eveningstar, wearing a glowing plate armour and wearing a shield of reflection (magical condensation, heavily wounded, fast, unusually strong)
The wavering orb of destruction weakly hits Donald.
Donald is almost dead.
Donald hits you with an eveningstar!!
Ouch! That really hurt!
Donald says, "I don't get what's so special about the number twenty-seven."
Donald hits you with an eveningstar!!
Ouch! That really hurt!
You die...

.....###.#........##
.......#...........### ..
............##.#.....###<##
.............###..........#
.##.........####..........#
###....>....##.##.....$#.#
#..................#..#.##
..)).....................#
.[<...#[........@@....#.#
..[[.#.##........§.....#
..(.....#......#....#$##
..(....###.....#[§.####
......#####....##§##
.......(##....#####
..........#..[##
####....[......#
###.##[.......##


You could see Donald.

Vanquished Creatures
  Rupert (D:15)
  Snorg (Orc:2)
  A yaktaur captain (D:15)
  7 hydras
  Erica (Orc:1)
  8 two-headed ogres
  5 centaur warriors
  A tengu warrior (D:15)
  An ogre mage (D:14)
  A death yak (shapeshifter) (D:13)
  Urug (Orc:1)
  2 unseen horrors (D:15)
  Pikel (D:7)
  9 wizards (D:10)
  5 orc knights
  5 cyclopes
  6 ugly things
  3 manticores
  2 orc sorcerers
  A moth of wrath (shapeshifter) (D:15)
  An ice statue (D:13)
  2 gargoyles
  A kobold demonologist (D:14)
  A komodo dragon (D:13)
  2 yaktaurs (D:15)
  2 efreet (D:15)
  3 meliai (D:15)
  A tengu conjurer (D:15)
  A jumping spider (shapeshifter) (D:13)
  6 trolls
  A hornet (D:12)
  4 hippogriffs
  A meliai zombie (D:14)
  A shadow (D:14)
  A spriggan (D:9)
  A spriggan (shapeshifter) (D:13)
  A wyvern (D:9)
  Eustachio (D:5)
  2 vampires (D:14)
  3 wraiths
  3 hungry ghosts
  A basilisk (D:13)
  14 yaks
  6 vampire mosquitoes (D:15)
  12 wargs
  A soldier ant (D:13)
  An acid dragon (D:11)
  2 water moccasins
  23 orc warriors
  4 sky beasts
  5 ice beasts
  4 slaves (D:8)
  3 eyes of draining
  11 ogres
  5 necrophages
  A phantom (D:14)
  A crocodile (D:11)
  20 centaurs
  A big kobold (D:14)
  9 bullfrogs
  7 scorpions
  7 killer bees
  15 wights
  9 howler monkeys
  3 bullfrog zombies
  11 crimson imps
  9 centaur zombies
  2 quasits
  4 jellies
  17 orc priests
  A bullfrog skeleton (D:12)
  3 centaur skeletons
  6 hounds
  21 orc wizards
  5 iguanas
  An iguana (shapeshifter) (D:14)
  Ijyb (D:3)
  10 worker ants
  2 killer bee zombies
  3 hound zombies
  2 mummies (D:10)
  2 worker ant zombies
  8 adders
  6 shadow imps
  An ooze (D:5)
  2 adder zombies
  An adder skeleton (D:9)
  2 worms (D:2)
  A dart slug (D:2)
  3 leopard geckos
  87 orcs
  A ball python (D:2)
  7 giant cockroaches
  10 goblins
  9 hobgoblins
  3 jackals (D:10)
  11 quokkas
  A ball python skeleton (D:5)
  4 bats
  4 frilled lizards
  A giant cockroach zombie (D:5)
  12 kobolds
  A leopard gecko zombie (D:8)
  9 rats
550 creatures vanquished.

Vanquished Creatures (others)
  A centaur skeleton (D:15)
  A vampire mosquito (D:15)
  An orc wizard (D:4)
  A leopard gecko (D:4)
  2 orcs (D:4)
  A giant cockroach (D:4)
  A ball python (D:4)
  29 bushes
  A plant (D:9)
  3 withered plants (D:10)
41 creatures vanquished.

Grand Total: 591 creatures vanquished

Notes
Turn   | Place    | Note
-------+----------+-------------------------------------------
     0 | D:1      | polly the Felid Conjurer began the quest for the Orb.
     0 | D:1      | Reached XP level 1. HP: 7/7 MP: 4/4
    52 | D:1      | Found a shattered altar of Ashenzari.
   140 | D:1      | Reached XP level 2. HP: 11/11 MP: 0/6
   795 | D:2      | Reached XP level 3. HP: 14/14 MP: 4/7
  1302 | D:3      | Noticed Ijyb
  1343 | D:2      | Found a hazy altar of Hepliaklqana.
  1626 | D:3      | Killed Ijyb
  1626 | D:3      | Reached XP level 4. HP: 7/18 MP: 0/9
  2125 | D:2      | Learned a level 4 spell: Iskenderun's Mystic Blast
  2991 | D:3      | Found a bloodstained altar of Trog.
  3378 | D:4      | Reached XP level 5. HP: 14/21 MP: 0/11
  3617 | D:4      | Found a stormy altar of Qazlal.
  3741 | D:5      | Entered Level 5 of the Dungeon
  3741 | D:5      | Noticed an ogre
  3743 | D:5      | Killed an ogre
  3794 | D:5      | Noticed Eustachio
  4286 | D:5      | Reached skill level 5 in Conjurations
  4286 | D:5      | Gained mutation: You are covered in thick fur. (AC +2) [Felid growth]
  4286 | D:5      | Reached XP level 6. HP: 25/25 MP: 3/13
  4484 | D:5      | Found a staircase to the Ecumenical Temple.
  4514 | Temple   | Entered the Ecumenical Temple
  4525 | Temple   | Became a worshipper of Vehumet
  4542 | D:5      | Noticed an ice beast
  4952 | D:4      | Killed an ice beast
  5405 | D:4      | Reached XP level 7. HP: 28/28 MP: 0/15
  5685 | D:5      | Reached skill level 5 in Spellcasting
  6527 | D:5      | Killed Eustachio
  6751 | D:5      | Found a shadowy altar of Dithmenos.
  6797 | D:6      | Found Figok's Book Emporium.
  6829 | D:6      | Reached XP level 8. HP: 31/31 MP: 11/17
  7389 | D:6      | Reached * piety under Vehumet
  7389 | D:6      | Offered knowledge of Shock by Vehumet.
  7763 | D:6      | Reached skill level 1 in Unarmed Combat
  7777 | D:6      | Found Otoocoex's Jewellery Shoppe.
  7926 | D:6      | Reached skill level 5 in Dodging
  7926 | D:6      | Reached skill level 5 in Stealth
  7937 | D:6      | Found a glowing golden altar of the Shining One.
  8467 | D:6      | Found an opulent altar of Gozag.
  8940 | D:7      | Reached XP level 9. HP: 32/34 MP: 2/21
  9341 | D:7      | Found Ushrihorr's Distillery.
  9549 | D:7      | You fall through a shaft!
  9896 | D:8      | Found an opulent altar of Gozag.
 10300 | D:8      | Noticed Pikel
 10884 | D:7      | Killed Pikel
 11053 | D:8      | Found a basalt altar of Yredelemnul.
 11551 | D:9      | Noticed a two-headed ogre
 11621 | D:8      | Killed a two-headed ogre
 11621 | D:8      | Reached XP level 10. HP: 25/38 MP: 2/24
 11749 | D:9      | Reached ** piety under Vehumet
 11749 | D:9      | Offered knowledge of Freeze by Vehumet.
 12355 | D:9      | Reached skill level 10 in Conjurations
 12586 | D:9      | Found a staircase to the Lair.
 12610 | D:9      | Noticed a five-headed hydra
 12648 | D:9      | Killed a five-headed hydra
 13098 | D:9      | Found a white marble altar of Elyvilon.
 13344 | D:9      | Reached skill level 10 in Spellcasting
 13566 | D:9      | Found a blossoming altar of Fedhas.
 13587 | D:9      | Offered knowledge of Ignite Poison by Vehumet.
 13855 | D:10     | Entered Level 10 of the Dungeon
 14228 | D:10     | Upgraded the game from 0.20-a0-514-g839ffe0 to 0.20-a0-517-g5f97612
 14558 | D:10     | Reached *** piety under Vehumet
 15021 | D:10     | Reached XP level 11. HP: 41/41 MP: 8/26
 15484 | D:10     | Noticed a wizard
 15484 | D:10     | Noticed a wizard
 15491 | D:10     | Noticed a wizard
 15511 | D:10     | Killed a wizard
 15553 | D:10     | Killed a wizard
 15761 | D:10     | Killed a wizard
 15764 | D:10     | Noticed a wizard
 15771 | D:10     | Killed a wizard
 15827 | D:10     | Noticed a wizard
 15830 | D:10     | Killed a wizard
 15878 | D:10     | Noticed a wizard
 15882 | D:10     | Killed a wizard
 16061 | D:10     | Noticed a wizard
 16064 | D:10     | Killed a wizard
 16122 | D:10     | Noticed a two-headed ogre
 16142 | D:10     | Killed a two-headed ogre
 16251 | D:10     | Noticed a wizard
 16259 | D:10     | Killed a wizard
 16384 | D:10     | Noticed a wizard
 16390 | D:10     | Killed a wizard
 17332 | D:11     | Found Upitzax's Antique Weapon Shoppe.
 17342 | D:11     | Offered knowledge of Static Discharge by Vehumet.
 17733 | D:11     | Learned a level 7 spell: Orb of Destruction
 17735 | D:11     | Learned a level 1 spell: Apportation
 17792 | D:11     | Noticed a five-headed hydra
 18804 | D:11     | Gained mutation: Your thick and shaggy fur keeps you warm. (AC +3, rC+) [Felid growth]
 18804 | D:11     | Reached XP level 12. HP: 15/45 MP: 6/29
 19036 | D:11     | Found Utuerr's Weapon Emporium.
 19098 | D:11     | Found a staircase to the Orcish Mines.
 19098 | D:11     | Noticed a seven-headed hydra
 19101 | D:11     | Killed a seven-headed hydra
 19277 | D:11     | Reached **** piety under Vehumet
 19699 | D:11     | Offered knowledge of Conjure Flame by Vehumet.
 19814 | D:11     | Noticed a two-headed ogre
 19821 | D:11     | Killed a two-headed ogre
 19925 | D:11     | Killed a five-headed hydra
 21347 | D:13     | Found a hide-covered altar of Uskayaw.
 22422 | D:13     | Noticed a centaur warrior
 22486 | D:13     | Slain by a komodo dragon
 22487 | D:13     | Reached XP level 11. HP: -1/41 MP: 0/29
 22908 | D:13     | Killed a red ugly thing
 23223 | D:13     | Killed a centaur warrior
 23766 | D:13     | Reached XP level 12. HP: 45/45 MP: 2/30
 23984 | D:13     | Learned a level 6 spell: Dispersal
 24080 | D:13     | Reached skill level 1 in Translocations
 24488 | D:13     | Noticed a centaur warrior
 24702 | D:13     | Killed a centaur warrior
 25059 | D:13     | Noticed a six-headed hydra
 25087 | D:13     | Noticed a death yak
 25091 | D:13     | Killed a death yak
 25278 | D:14     | Noticed a two-headed ogre
 25282 | D:14     | Killed a two-headed ogre
 25816 | D:14     | Reached ***** piety under Vehumet
 25816 | D:14     | Offered knowledge of Fireball by Vehumet.
 26209 | D:14     | Noticed a centaur warrior
 26455 | D:14     | Killed a centaur warrior
 26638 | D:14     | Noticed a five-headed hydra
 26643 | D:14     | Killed a five-headed hydra
 27050 | D:14     | Noticed a centaur warrior
 27052 | D:14     | Killed a centaur warrior
 27517 | D:14     | Noticed an ogre mage
 27522 | D:14     | Killed an ogre mage
 27527 | D:14     | Noticed a two-headed ogre
 27537 | D:14     | Killed a two-headed ogre
 27729 | D:14     | Found a gate to the Vaults.
 27744 | D:14     | Noticed a two-headed ogre
 27747 | D:14     | Killed a two-headed ogre
 28231 | D:15     | Entered Level 15 of the Dungeon
 28231 | D:15     | Noticed a two-headed ogre
 28233 | D:15     | Killed a two-headed ogre
 28319 | D:15     | Noticed a seven-headed hydra
 28323 | D:15     | Noticed Rupert
 28330 | D:15     | Noticed a six-headed hydra
 28532 | D:15     | Killed Rupert
 28532 | D:15     | Reached skill level 5 in Translocations
 28532 | D:15     | Reached XP level 13. HP: 35/47 MP: 9/32
 30144 | D:15     | Killed from afar by an efreet
 30145 | D:15     | Reached XP level 12. HP: -25/44 MP: 0/31
 30327 | D:15     | Noticed a tengu warrior
 30329 | D:15     | Killed a tengu warrior
 30331 | D:15     | Reached skill level 15 in Spellcasting
 30926 | D:15     | Noticed a five-headed hydra
 30932 | D:15     | Killed a five-headed hydra
 31359 | D:15     | Noticed a centaur warrior
 31368 | D:15     | Noticed a yaktaur captain
 31375 | D:15     | Killed a centaur warrior
 31375 | D:15     | Shot with a bolt by a yaktaur captain
 31376 | D:15     | Reached XP level 11. HP: -6/41 MP: 10/31
 31401 | D:15     | Noticed an orc knight
 31418 | D:15     | Killed an orc knight
 31418 | D:15     | Reached XP level 12. HP: 45/45 MP: 9/32
 31423 | D:15     | Killed a yaktaur captain
 31478 | D:15     | Found a staircase to the Depths.
 31778 | Lair:1   | Entered Level 1 of the Lair of Beasts
 31848 | Orc:1    | Entered Level 1 of the Orcish Mines
 31864 | Orc:1    | Noticed Erica
 31871 | Orc:1    | Killed Erica
 31871 | Orc:1    | Reached skill level 15 in Conjurations
 31876 | Orc:1    | Noticed Snorg
 31885 | Orc:1    | Found Kewarghat's Antique Weapon Shoppe.
 31985 | Orc:1    | Upgraded the game from 0.20-a0-517-g5f97612 to 0.20-a0-522-g0b37eee
 32103 | Orc:1    | Noticed Urug
 32117 | Orc:1    | HP: 2/45 [Urug/war axe of freezing (1)]
 32119 | Orc:1    | Killed Urug
 32447 | Orc:2    | Entered Level 2 of the Orcish Mines
 32447 | Orc:2    | Found a staircase to the Elven Halls.
 32477 | Orc:2    | Killed Snorg
 32608 | Orc:2    | Noticed a two-headed ogre
 33617 | Orc:2    | Offered knowledge of Conjure Ball Lightning by Vehumet.
 34247 | Orc:2    | Killed a two-headed ogre
 34481 | Orc:2    | Noticed Donald
 34494 | Orc:2    | Mangled by Donald

Vault maps used:
D:1:      shiori_arrival_elements, minmay_tree_intersection, ashenzari_altar_1
D:2:      lemuel_crystal_altar, interstate_on_off
D:3:      lightli_temple_of_fire, uniq_iyjb
D:4:      cheibrodos_helix_gallery, first_bread, nicolae_qazlal_eye_of_the_storm
D:5:      minmay_temple_entry_statues_pillars, st_stairs_3,
          kennysheep_nondescript, grunt_dithmenos_shadows, uniq_eustachio
D:6:      tso_metal_star, serial_shops, shop, shop, basic_altar
D:7:      serial_shops, shop
D:8:      kennysheep_mini_moat, lemuel_crystal_altar, uniq_pikel
D:9:      fedhas_bush_and_centaur_altar, marbit_many_paths,
          erik_lair_orcish_takeover, the_bakery, kennysheep_just_a_vault
D:10:     minmay_smoke_and_mirrors, serial_undead, serial_undead_c,
          serial_undead_d, serial_undead_e, serial_undead_e
D:11:     orc_0_dummy, serial_shops, shop, shop
D:12:     minivault_16
D:13:     lemuel_ice_statue, spider_trap, kennysheep_decorative_pillar,
          lemuel_tele_altar
D:14:     david_vaults_2
D:15:     grunt_enter_depths_snipers, minmay_hedge_maze, uniq_rupert
Temple:   nicolae_temple_god_jail
Orc:1:    serial_shops, shop, uniq_snorg, uniq_urug, uniq_erica
Orc:2:    st_orc_town, portal_ice_cave_entry_animals_and_master, bloody_trog,
          uniq_donald

Skill      XL: |  1  2  3  4  5  6  7  8  9 10 11 12 13 |
---------------+----------------------------------------+-----
Conjurations   | 4 5 6 7 9 10 12 15 | 15.3
Dodging        | 3 4 5 6 7 |  7.6
Stealth        | 3 4 5 6 |  6.0
Spellcasting   | 3 4 5 7 9 10 12 15 | 15.6
Unarmed Combat | 1 |  1.1
Translocations | 8 6 |  8.4
Fighting       | |  0.6
Evocations     | |  0.7

Action                   |  1- 3 |  4- 6 |  7- 9 | 10-12 | 13-15 || total
-------------------------+-------+-------+-------+-------+-------++-------
Melee: Unarmed           |    13 |     7 |    15 |    11 |    14 ||    60
       Bite              |     1 |       |     1 |       |     2 ||     4
 Cast: Magic Dart        |    99 |   124 |   222 |   245 |    34 ||   724
       Iskenderun's Myst |       |    29 |   109 |   401 |    23 ||   562
       Orb of Destructio |       |       |       |   238 |    24 ||   262
Evoke: Wand              |       |       |       |    12 |     5 ||    17
       Lightning rod     |       |       |       |     6 |     2 ||     8
  Use: Scroll            |       |     4 |       |    33 |     3 ||    40
       Potion            |       |     2 |       |     8 |       ||    10
 Stab: Sleeping          |     2 |       |       |       |       ||     2
  Eat: Chunk             |     6 |    13 |    27 |   144 |    12 ||   202
       Royal jelly       |       |       |       |       |     2 ||     2
Armor: Skin              |     8 |     6 |     6 |     8 |     5 ||    33
Dodge: Dodged            |    60 |    71 |    73 |   238 |    68 ||   510
